 Dungeon Crawl Stone Soup version 0.30-a0-634-g8abc85282e (webtiles) character file.

Game seed: 12868311992934254750

158944 Bnni the Unseen (level 17, -2/96 HPs)
             Began as a Vine Stalker Brigand on Jan 14, 2023.
             Was a Follower of Uskayaw.
             Slain by a pharaoh ant (10 damage)
             ... on level 4 of the Spider Nest.
             The game lasted 01:15:30 (27003 turns).

Bnni the Unseen (Vine Stalker Brigand)             Turns: 27003, Time: 01:15:31

Health: -2/96      AC: 30    Str: 18    XL:     17   Next: 73%
Magic:  0/28       EV: 12    Int: 13    God:    Uskayaw [*.....]
Gold:   1381       SH: 19    Dex: 22    Spells: 16/16 levels left

rFire   . . .      SeeInvis +    a - +6 quick blade (venom)
rCold   . . .      Faith    .    t - +0 kite shield {reflect}
rNeg    + . .      Spirit   +    E - +7 chain mail of Rekher {rPois Str+4}
rPois   +          Reflect  +    Y - +3 crown of Dyrovepreva {rElec Int+2 SInv}
rElec   +          Harm     .    d - +1 cloak {Stlth+}
rCorr   .          Rampage  .    U - +0 pair of gloves
Will    ++...                    f - +0 pair of boots
Stlth   ++++++                   Z - amulet "Teomuza" {Reflect rElec rN+ Str-2 SH+5}
HPRegen 1.16/turn                X - +4 ring of protection
MPRegen 0.21/turn                P - +5 ring of evasion

@: very slightly contaminated, slowed, very slow
A: fangs 3, regeneration 1, magic shield, antimagic bite, no potion heal 2
a: Renounce Religion, Stomp


You were on level 4 of the Spider Nest.
You worshipped Uskayaw.
Uskayaw was pleased with you.
You visited 5 branches of the dungeon, and saw 26 of its levels.
You also visited: Ossuary and Bailey.

You collected 2838 gold pieces.
You spent 1457 gold pieces at shops.

Inventory:

Hand Weapons
 a - a +6 quick blade of venom (weapon)
 F - the +8 dagger of Goret {freeze, rC+}
   (You found it on level 14 of the Dungeon)

   rC:        It protects you from cold.
Missiles
 e - 7 curare-tipped darts (quivered)
 h - 6 atropa-tipped darts
 Q - 4 boomerangs of dispersal
 S - 3 throwing nets
Armour
 d - a +1 cloak of stealth (worn)
 f - a +0 pair of boots (worn)
 t - a +0 kite shield of reflection (worn)
 E - the +7 chain mail of Rekher (worn) {rPois Str+4}
   (You took it off an orc on level 5 of the Dungeon)

   Str:       It affects your strength (+4).
   rPois:     It protects you from poison.
 U - a +0 pair of gloves (worn)
 Y - the +3 crown of Dyrovepreva (worn) {rElec Int+2 SInv}
   (You bought it in a shop on level 2 of the Orcish Mines)

   Int:       It affects your intelligence (+2).
   rElec:     It insulates you from electricity.
   SInv:      It lets you see invisible.
Jewellery
 i - a ring of positive energy
 P - a +5 ring of evasion (right hand)
 T - a ring of positive energy
 W - the ring "Bianeh" {rCorr Str+2 Int+4}
   (You found it on level 3 of the Lair of Beasts)

   [ring of resist corrosion]

   Str:       It affects your strength (+2).
   Int:       It affects your intelligence (+4).
   rCorr:     It protects you from acid and corrosion.
 X - a +4 ring of protection (left hand)
 Z - the amulet "Teomuza" (around neck) {Reflect rElec rN+ Str-2 SH+5}
   (You found it on level 5 of the Lair of Beasts)

   [amulet of reflection]

   It reflects blocked missile attacks.
   Str:       It affects your strength (-2).
   rElec:     It insulates you from electricity.
   rN:        It protects you from negative energy.
   SH:        It affects your SH (+5).
Wands
 q - a wand of iceblast (28)
 H - a wand of quicksilver (5)
 O - a wand of paralysis (9)
 V - a wand of mindburst (8)
Scrolls
 n - 7 scrolls of fog
 p - 4 scrolls of poison
 u - a scroll of fear
 v - 2 scrolls of brand weapon
 y - 5 scrolls of vulnerability
 C - 3 scrolls of enchant armour
 D - 3 scrolls of immolation
 G - 3 scrolls of amnesia
 K - a scroll of silence
 L - 13 scrolls of teleportation
 M - 2 scrolls of magic mapping
Potions
 b - 8 potions of curing
 j - 6 potions of haste {unknown}
 k - 6 potions of berserk rage {unknown}
 o - 6 potions of might {unknown}
 s - 6 potions of attraction
 w - 7 potions of mutation {unknown}
 z - 7 potions of flight {unknown}
 A - 4 potions of degeneration {unknown}
 B - a potion of magic {unknown}
 J - 2 potions of ambrosia {unknown}
 N - 2 potions of cancellation {unknown}
 R - 2 potions of invisibility
Miscellaneous
 m - a box of beasts


   Skills:
 + Level 13.8 Fighting
 - Level 10.0 Short Blades
 - Level 1.7 Throwing
 + Level 8.8 Armour
 - Level 0.7 Dodging
 - Level 20.0 Stealth
 * Level 11.9 Shields
 + Level 14.0 Invocations


You had 16 spell levels left.
You didn't know any spells.
Your spell library contained the following spells:

 Spells                   Type           Power      Damage    Failure   Level
 Apportation              Tloc           0%         N/A       99%         1
 Beastly Appendage        Tmut           0%         N/A       99%         1
 Magic Dart               Conj           0%         1d3       99%         1
 Sting                    Tmut/Pois      0%         1d3       99%         1
 Poisonous Vapours        Pois/Air       0%         N/A       100%        2
 Scorch                   Fire           0%         2d5       100%        2
 Searing Ray              Conj           0%         2d4       100%        2
 Wereblood                Tmut           0%         N/A       100%        2
 Dazzling Flash           Conj/Hex       0%         N/A       100%        3
 Frozen Ramparts          Ice            0%         1d1       100%        3
 Spider Form              Tmut/Pois      0%         N/A       100%        3
 Flame Wave               Conj/Fire      0%         2d4       100%        4
 Fulminant Prism          Conj/Hex       0%         3d5       100%        4
 Ice Form                 Ice/Tmut       0%         N/A       100%        4
 Olgreb's Toxic Radiance  Pois           0%         N/A       100%        4
 Summon Ice Beast         Ice/Summ       0%         N/A       100%        4
 Agony                    Necr           0%         N/A       100%        5
 Alistair's Intoxication  Tmut/Pois      0%         N/A       100%        5
 Borgnjor's Vile Clutch   Necr/Erth      0%         N/A       100%        5
 Iskenderun's Battlesphe  Conj           0%         2d6       100%        5
 Silence                  Hex/Air        0%         N/A       100%        5
 Eringya's Noxious Bog    Tmut/Pois      0%         N/A       100%        6
 Iron Shot                Conj/Erth      0%         9d1       100%        6
 Summon Cactus Giant      Summ           0%         N/A       100%        6
 Spellforged Servitor     Conj/Summ      0%         N/A       100%        7


Dungeon Overview and Level Annotations

Branches:
Dungeon (14/15)            Temple (1/1) D:4            Lair (5/5) D:10
 Shoals (0/4) Lair:2       Spider (4/4) Lair:3        Slime (0/5) Lair:5
    Orc (2/2) D:11            Elf (0/3) Orc:2        Vaults (0/5) D:14
Ossuary (visited)          Bailey (visited)

Altars:
Dithmenos
Elyvilon
Fedhas
Gozag
Hepliaklqana
Makhleb
Nemelex Xobeh
Okawaru
Qazlal
Ru
Sif Muna
Trog
Uskayaw
Vehumet
Wu Jian
Xom
Yredelemnul
Zin
Jiyva

Shops:
D:2 ?   D:4 *   D:5 (   D:6 *   D:12 *   Orc:1 (   Orc:2 [[*(*

Annotations:
D:14 Rupert
Lair:2 2 transporters


Innate Abilities, Weirdness & Mutations

You have razor-sharp teeth.
Your natural rate of healing is unusually fast.
When hurt, damage is shared between your health and your magic reserves.
Your bite disrupts and absorbs the magic of your enemies.
Potions cannot restore your health.


Message History

Okay, then.
Throw: 8 darts (curare)
Press: ? - help, Shift-Dir - straight line, f/p - emperor scorpion
Aim: an emperor scorpion (heavily wounded, extremely poisoned, 77% to hit)
You throw a curare-tipped dart.
The curare-tipped dart completely misses the emperor scorpion.
You feel sick. The pharaoh ant closely misses you.
The emperor scorpion closely misses you.
You block the emperor scorpion's attack.
The emperor scorpion completely misses you.
You block the pharaoh ant's attack. The emperor scorpion stings you!
* * * LOW HITPOINT WARNING * * *
The emperor scorpion claws you.
* * * LOW HITPOINT WARNING * * *
The emperor scorpion claws you but does no damage.
As you read the scroll of fear, it crumbles to dust.
You assume a fearsome visage.
The jumping spider looks frightened!
The pharaoh ant is unaffected.
The emperor scorpion looks frightened!
The culicivora looks frightened! x2; You feel sick.
The jumping spider leaps!
The pharaoh ant barely misses you.
A redback comes into view.
Being near the torpor snail leaves you feeling lethargic.
Press: ? - help, v - describe, . - travel
Here: a pharaoh ant (lightly damaged)
The floor.
Throw: 4 throwing nets
Press: ? - help, Shift-Dir - straight line, f - pharaoh ant, p - emperor scorpion
Aim: a pharaoh ant (lightly damaged, 75% to hit)
You throw a throwing net. The throwing net hits the pharaoh ant.
The pharaoh ant is caught in the net!
The pharaoh ant is lightly damaged.
You feel sick.
You are no longer poisoned.
The pharaoh ant struggles against the net. x2
The jumping spider leaps!
The pharaoh ant struggles against the net. x2
The net rips apart, and the pharaoh ant comes free!
The jumping spider leaps!
You block the pharaoh ant's attack. The pharaoh ant bites you!
You die...

##. #......# .. #...
^..?.##... .....##.......w
.....s^°...## .....##.....#
#^. #...(w^###.###^..
#^###.###^$....~.#.#....^#
#...#.#.~....B...s.......^
#..........^#@#...^......#
#........^###.###.........
...........##...##~s.......
..........##.....##...~^...
........†^........†.~~~~~..
..........##.....##..~~~...
..#.......~##^..##^...~....
....#....^.###.###.........
#......^.#...#.# ~.^.....~~


You could see a torpor snail, a pharaoh ant and a jumping spider.

Vanquished Creatures
  Nikola (Spider:4)
  The ghost of Citaku the Impregnable, an adept MiFi of Gozag (Spider:3)
  Agnes (D:14)
  Donald (Spider:1)
  An emperor scorpion (Spider:3)
  3 ghost moths
  An orc warlord (Orc:2)
  2 broodmothers (Spider:3)
  A dire elephant (Lair:5)
  Nessos (Lair:4)
  2 spark wasps
  Josephine (Lair:4)
  4 entropy weavers
  Erolcha (Orc:2)
  3 radroaches
  Harold (Lair:1)
  Fannar (Orc:1)
  8 hydras
  3 vault guards (D:14)
  A jorogumo (Spider:3)
  3 ogre magi (Orc:2)
  16 two-headed ogres
  9 centaur warriors
  Erica (D:8)
  A catoblepas (Lair:5)
  18 death yaks
  A tengu warrior (D:14)
  10 boulder beetles
  A deep troll shaman (Lair:5)
  Sonja (Orc:2)
  2 sun moths
  2 deep trolls (Orc:2)
  6 pharaoh ants
  5 orb spiders
  A lindwurm (Lair:5)
  Pikel (D:8)
  2 orc knights
  A wizard (D:14)
  2 deep elf pyromancers
  5 steelbarb worms
  A necromancer (D:14)
  An oklob plant (Lair:5)
  9 cyclopes
  A manticore (D:14)
  2 orc sorcerers (Orc:2)
  2 ugly things (D:13)
  11 wolf spiders
  2 moths of wrath
  A merfolk siren (Lair:2)
  22 elephants
  The ghost of Bnni the Cutter, a novice VSBr (D:5)
  6 black mambas
  3 torpor snails
  A gargoyle (D:12)
  9 demonic crawlers
  11 cane toads
  3 unseen horrors (D:12)
  8 komodo dragons
  2 kobold demonologists (D:10)
  3 rime drakes
  Psyche (D:8)
  15 trolls
  A meliai (Spider:3)
  6 polar bears
  6 blink frogs
  20 tarantellas
  9 dream sheep
  20 jumping spiders
  A shadow (D:11)
  7 slime creatures
  17 culicivoras
  8 wraiths
  4 basilisks
  2 wyverns
  20 humans (D:14)
  39 yaks
  3 fire bats (Orc:1)
  A steam dragon (D:10)
  41 redbacks
  8 vampire mosquitoes
  Menkaure (D:7)
  2 wargs
  3 acid dragons
  23 water moccasins
  An ice beast (D:7)
  A sky beast (D:7)
  30 orc warriors
  24 ogres
  27 wolves
  8 centaurs
  A lemure (D:8)
  A phantom (D:7)
  A kobold brigand (D:9)
  10 bullfrogs
  A gnoll sergeant (D:9)
  5 scorpions
  3 necrophages
  7 wights
  6 electric eels
  A howler monkey (D:5)
  4 hounds
  2 human zombies (Ossuary)
  4 jellies
  A gnoll bouda (D:7)
  19 orc priests
  18 orc wizards
  Natasha (D:4)
  2 iguanas
  16 hell rats
  4 hound zombies (Ossuary)
  3 mummies (Ossuary)
  4 adders
  16 gnolls
  2 shadow imps (D:6)
  3 white imps
  An ufetubus (D:5)
  A worm (D:2)
  A dart slug (D:1)
  96 orcs
  7 endoplasms
  3 giant cockroaches
  12 goblins
  9 hobgoblins
  5 quokkas
  3 training dummies (Orc:1)
  4 ball pythons (D:1)
  4 bats (D:1)
  7 frilled lizards
  A gnoll zombie (Ossuary)
  5 goblin zombies (Ossuary)
  8 hobgoblin zombies (Ossuary)
  A jackal zombie (Ossuary)
  17 kobolds
  3 kobold zombies (Ossuary)
  An orc zombie (Ossuary)
  6 quokka zombies (Ossuary)
  5 rats
  4 rat zombies (Ossuary)
913 creatures vanquished.

Vanquished Creatures (others)
  An orc priest (Orc:2)
  An orc wizard (Orc:2)
  An orc (Orc:2)
  8 bushes (Lair:5)
  13 fungi
  53 plants
77 creatures vanquished.

Grand Total: 990 creatures vanquished

Notes
Turn   | Place    | Note
-------+----------+-------------------------------------------
     0 | D:1      | Bnni the Vine Stalker Brigand began the quest for the Orb.
     0 | D:1      | Reached XP level 1. HP: 11/11 MP: 2/2
    97 | D:1      | Reached XP level 2. HP: 5/15 MP: 1/3
   411 | D:1      | Reached XP level 3. HP: 18/18 MP: 4/4
  1351 | D:2      | Found Yginoate's Magic Scroll Shop.
  1361 | D:2      | Gained mutation: Your natural rate of healing is unusually
                  | fast. [Vine Stalker growth]
  1361 | D:2      | Reached XP level 4. HP: 21/23 MP: 3/5
  1417 | D:2      | You fall into a shaft and drop 1 floor!
  2296 | D:3      | Found a large runed translucent door.
  2298 | D:3      | Found a large runed translucent door.
  2333 | D:3      | Found a shadowy altar of Dithmenos.
  2344 | D:3      | Found a radiant altar of Vehumet.
  2402 | D:3      | Reached XP level 5. HP: 24/28 MP: 4/6
  2435 | D:3      | Noticed an ogre
  2452 | D:3      | Killed an ogre
  2820 | D:4      | Found a sand-covered staircase.
  2829 | D:4      | Reached XP level 6. HP: 32/32 MP: 7/7
  2830 | Ossuary  | Entered an ossuary
  2977 | Ossuary  | Reached skill level 5 in Short Blades
  3211 | D:4      | Reached XP level 7. HP: 37/37 MP: 8/8
  3395 | D:4      | Noticed Natasha
  3402 | D:4      | Killed Natasha
  3517 | D:4      | Found a staircase to the Ecumenical Temple.
  3527 | Temple   | Entered the Ecumenical Temple
  3760 | Temple   | Became a worshipper of Uskayaw the Reveller
  3810 | D:4      | Reached * piety under Uskayaw
  3829 | D:4      | Found Qane's Assorted Antiques.
  3838 | D:4      | Bought a scroll labelled LEMIAJENLY for 26 gold pieces
  3978 | D:4      | Reached ** piety under Uskayaw
  4313 | D:5      | Entered Level 5 of the Dungeon
  4370 | D:5      | Found a runed translucent gate.
  4370 | D:5      | Noticed Bnni's ghost (novice VSBr)
  4371 | D:5      | Found a runed translucent gate.
  4371 | D:5      | Identified the +7 chain mail of Rekher {rPois Str+4}
  4373 | D:5      | Found a runed translucent gate.
  4430 | D:5      | Reached *** piety under Uskayaw
  4688 | D:5      | Gained mutation: You have razor-sharp teeth. [Vine Stalker
                  | growth]
  4688 | D:5      | Reached XP level 8. HP: 28/42 MP: 6/9
  4730 | D:5      | Reached skill level 5 in Fighting
  4758 | D:5      | Found Bexeb's Antique Weapon Emporium.
  4799 | D:5      | Reached skill level 1 in Invocations
  5991 | D:5      | Killed Bnni's ghost
  5991 | D:5      | Reached **** piety under Uskayaw
  5992 | D:5      | Reached XP level 9. HP: 44/48 MP: 9/12
  6431 | D:6      | Reached skill level 5 in Stealth
  6653 | D:6      | Found Zixas's General Store.
  7095 | D:7      | Noticed Menkaure
  7113 | D:7      | Killed Menkaure
  7132 | D:7      | Found a flagged portal.
  7148 | Bailey   | Entered a bailey
  7181 | Bailey   | Reached skill level 6 in Stealth
  7261 | Bailey   | Reached XP level 10. HP: 33/53 MP: 3/14
  7454 | Bailey   | Reached skill level 5 in Invocations
  7616 | Bailey   | Reached skill level 7 in Stealth
  7633 | Bailey   | Noticed an orc knight
  7681 | Bailey   | Killed an orc knight
  7682 | Bailey   | Reached skill level 10 in Short Blades
  7930 | D:7      | Reached skill level 8 in Stealth
  8120 | D:8      | Noticed Pikel
  8137 | D:8      | Killed Pikel
  8259 | D:8      | Noticed Erica
  8275 | D:8      | Killed Erica
  8276 | D:8      | Reached skill level 9 in Stealth
  8484 | D:8      | Reached ***** piety under Uskayaw
  8538 | D:8      | Noticed Psyche
  8559 | D:8      | Killed Psyche
  8560 | D:8      | Reached skill level 10 in Stealth
  8560 | D:8      | Reached XP level 11. HP: 60/60 MP: 16/16
  8666 | D:9      | Noticed a two-headed ogre
  8707 | D:9      | Killed a two-headed ogre
  8713 | D:9      | Noticed a two-headed ogre
  8735 | D:9      | Killed a two-headed ogre
  8904 | D:9      | Reached skill level 11 in Stealth
  9213 | D:9      | Noticed a two-headed ogre
  9239 | D:9      | Killed a two-headed ogre
  9494 | D:10     | Entered Level 10 of the Dungeon
  9860 | D:10     | Found a staircase to the Lair.
 10022 | D:11     | Reached skill level 12 in Stealth
 10028 | D:11     | Found a staircase to the Orcish Mines.
 10131 | D:11     | Noticed a centaur warrior
 10148 | D:11     | Killed a centaur warrior
 10324 | D:11     | Identified the amulet "Doicreo" {Faith -Tele Will+ Dex+4}
 10491 | D:11     | Reached skill level 13 in Stealth
 10749 | D:11     | Noticed a cyclops
 10772 | D:11     | Killed a cyclops
 10773 | D:11     | Reached XP level 12. HP: 55/66 MP: 19/19
 11114 | D:12     | Found Wisyin's Pet Rocks.
 11234 | D:12     | Reached skill level 14 in Stealth
 11298 | D:12     | Noticed a boulder beetle
 11311 | D:12     | Killed a boulder beetle
 11326 | D:12     | Reached ****** piety under Uskayaw
 11742 | D:12     | Reached skill level 15 in Stealth
 12093 | D:13     | Noticed a centaur warrior
 12152 | D:13     | Killed a centaur warrior
 12153 | D:13     | Reached skill level 10 in Fighting
 12244 | D:13     | Noticed a centaur warrior
 12249 | D:13     | Killed a centaur warrior
 12285 | D:13     | Noticed a two-headed ogre
 12304 | D:13     | Killed a two-headed ogre
 12370 | D:13     | Reached XP level 13. HP: 55/72 MP: 15/21
 12468 | D:13     | Reached skill level 16 in Stealth
 12469 | D:13     | Reached skill level 1 in Armour
 12796 | D:13     | Reached skill level 10 in Invocations
 13153 | D:2      | Bought a scroll of acquirement for 728 gold pieces
 13153 | D:2      | Acquired a +0 quick blade of venom
 13511 | D:14     | Noticed Agnes
 13527 | D:14     | Killed Agnes
 13756 | D:14     | Noticed Rupert
 13956 | D:14     | Reached skill level 17 in Stealth
 14154 | D:14     | Found a gate to the Vaults.
 14154 | D:14     | Noticed a vault guard
 14154 | D:14     | Noticed a vault guard
 14154 | D:14     | Noticed a vault guard
 14159 | D:14     | Killed a vault guard
 14198 | D:14     | Killed a vault guard
 14201 | D:14     | Identified the +9 spear "Worm" {venom, rC- MP+9 SInv
                  | Stlth+}
 14204 | D:14     | Killed a vault guard
 14306 | D:14     | Identified the +8 dagger of Goret {freeze, rC+}
 14427 | Lair:1   | Entered Level 1 of the Lair of Beasts
 14692 | Lair:1   | Reached XP level 14. HP: 68/79 MP: 20/23
 15419 | Lair:1   | Noticed Harold
 15426 | Lair:1   | Killed Harold
 15427 | Lair:1   | Reached skill level 18 in Stealth
 15963 | Lair:2   | Reached skill level 1 in Shields
 16089 | Lair:2   | Found a transporter.
 16091 | Lair:2   | Found a transporter.
 16249 | Lair:2   | Found a staircase to the Shoals.
 16940 | Lair:3   | Identified the ring "Bianeh" {rCorr Str+2 Int+4}
 17342 | Lair:3   | Found a hole to the Spider Nest.
 18065 | Lair:4   | Noticed Josephine
 18088 | Lair:4   | Killed Josephine
 18217 | Lair:4   | Reached skill level 19 in Stealth
 18273 | Lair:4   | Reached skill level 5 in Armour
 18395 | Lair:4   | Noticed Nessos
 18489 | Lair:4   | Killed Nessos
 18830 | Lair:5   | Entered Level 5 of the Lair of Beasts
 18850 | Lair:5   | Reached skill level 5 in Shields
 18851 | Lair:5   | Reached XP level 15. HP: 77/84 MP: 22/24
 19036 | Lair:5   | Found a staircase to the Slime Pits.
 19221 | Lair:5   | Found a viscous altar of Jiyva.
 19600 | Lair:5   | Reached skill level 20 in Stealth
 19607 | Lair:5   | Identified the amulet "Teomuza" {Reflect rElec rN+ Str-2
                  | SH+5}
 19918 | Lair:5   | Identified the +3 plate armour of Kosof {Will+ rCorr
                  | Slay-2}
 20705 | Orc:1    | Entered Level 1 of the Orcish Mines
 20705 | Orc:1    | Noticed Fannar
 20721 | Orc:1    | Killed Fannar
 20725 | Orc:1    | Found Kenlos's Firing Range.
 21313 | Orc:2    | Entered Level 2 of the Orcish Mines
 21446 | Orc:1    | Reached XP level 16. HP: 90/90 MP: 26/26
 21692 | Orc:2    | Found Zuzykk's Antique Armour Shop.
 21835 | Orc:2    | Noticed Sonja
 21874 | Orc:2    | Killed Sonja
 21912 | Orc:2    | Found Dekloh's Armour Shop.
 21924 | Orc:2    | Found Rut Yma's Assorted Antiques.
 22117 | Orc:2    | Found Laghir's Assorted Antiques.
 22119 | Orc:2    | Found Qofuff's Weapon Shoppe.
 22122 | Orc:2    | Noticed Erolcha
 22146 | Orc:2    | Killed Erolcha
 22380 | Orc:2    | Found a staircase to the Elven Halls.
 22500 | Orc:2    | Bought the +3 crown of Dyrovepreva {rElec Int+2 SInv} for
                  | 703 gold pieces
 22500 | Orc:2    | Found the +3 crown of Dyrovepreva {rElec Int+2 SInv}
 22706 | Spider:1 | Entered Level 1 of the Spider Nest
 22865 | Spider:1 | Noticed Donald
 24641 | Spider:1 | Reached skill level 10 in Shields
 24855 | Spider:1 | Killed Donald
 25126 | Spider:2 | Reached XP level 17. HP: 43/95 MP: 28/28
 25266 | Spider:2 | Identified the +8 war axe of the Extremes {heavy, Fragile
                  | rPois rF++}
 26255 | Spider:3 | Found a runed translucent door.
 26255 | Spider:3 | Noticed Citaku's ghost (adept MiFi)
 26599 | Spider:3 | Killed Citaku's ghost
 26677 | Spider:4 | Entered Level 4 of the Spider Nest
 26721 | Spider:4 | Noticed Nikola
 26796 | Spider:4 | Killed Nikola
 26999 | Spider:4 | HP: 4/96 [emperor scorpion (4)]
 27003 | Spider:4 | Slain by a pharaoh ant

Illustrated notes

Levels and vault maps discovered:
D:1:      dpeg_arrival_tiny_h, layout_basic
D:2:      layout_loops_ring, serial_shops, nicolae_shop_trees
D:3:      layout_loops_corners, jmf_multi_god_temple2, grunt_ministairs_5
D:4:      layout_gridville, minmay_temple_entry_waves, enter_ossuary_3,
          serial_shops, shop, hangedman_decor_opposing, uniq_natasha
D:5:      mumra_celtic_spiral_tile, layout_layer_cave,
          biasface_ghost_orc_armoury, serial_bayou, serial_bayou_pond_a,
          serial_bayou_pond_e, serial_bayou_shore_b, serial_shops, shop
D:6:      layout_loops_corners, serial_shops, nicolae_shop_trees
D:7:      layout_rooms, enter_bailey_3, chequers_serial_rivers_small_3,
          chequers_serial_rivers_room_b, minmay_misc_feat_room, uniq_menkaure
D:8:      layout_rooms, uniq_psyche, uniq_erica, uniq_pikel
D:9:      layout_irregular_city
D:10:     layout_cave_pools, lair_entry_dummy, minmay_misc_feat_cross
D:11:     layout_roguey, david_orc_5, serial_bayou, serial_bayou_pond_a,
          serial_bayou_ford_a, serial_bayou_pond_d, serial_bayou_lagoon_a,
          hangedman_decor_peaks_small
D:12:     layout_cave_pools, guppyfry_shop_earth
D:13:     layout_roguey
D:14:     layout_roguey, grunt_vaults_entry_tiered, uniq_rupert, uniq_agnes
Temple:   mainiacjoe_temple_cubbyholes
Lair:1:   layout_cave_pods, infiniplex_staircase_pool, grunt_megastairs_5,
          uniq_harold
Lair:2:   gammafunk_boulding_lane, layout_chaotic_city, elwin_shoals_entry_rooms
Lair:3:   layout_chaotic_city, dummy_spider_entry, minmay_shattered_shrine
Lair:4:   layout_cave_pods, beast_lair_carwin_4, uniq_josephine, uniq_nessos
Lair:5:   grunt_lair_end_beastmaster, layout_misc_corridors, slime_entry_1,
          minmay_lair_oklob_bushes, nicolae_lair_run_with_the_wolves
Spider:1: layout_spider_delve, einodemon_crawler_minivault, uniq_donald
Spider:2: layout_spider_delve, hellmonk_narrow_tunnel
Spider:3: layout_spider_delve, hellmonk_ghost_happy_afterlife,
          nicolae_spider_some_kinda_spiderbox
Spider:4: hellmonk_spider_rune_endless_swarm, uniq_nikola
Orc:1:    minmay_goldmine, layout_caves, nicolae_volcano_entry_batcave,
          nicolae_shop_firing_range, uniq_fannar
Orc:2:    st_orc_open, layout_caves, serial_shops, shop_fountains, basic_altar,
          uniq_erolcha, uniq_sonja

Skill      XL: |  1  2  3  4  5  6  7  8  9 10 11 12 13 14 15 16 17 |
---------------+----------------------------------------------------+-----
Short Blades   | 2 3 4 5 6 8 9 10 | 10.0
Fighting       | 2 3 4 5 6 7 9 10 11 12 13 | 13.8
Invocations    | 3 4 6 8 9 10 11 12 13 14 | 14.0
Stealth        | 6 10 13 15 17 19 20 | 20.0
Armour         | 3 5 6 7 8 |  8.8
Shields        | 5 7 10 11 | 11.9
Throwing       | |  1.7
Dodging        | |  0.7

Action                   |  1- 3 |  4- 6 |  7- 9 | 10-12 | 13-15 | 16-18 || total
-------------------------+-------+-------+-------+-------+-------+-------++-------
Melee: Dagger            |   117 |     6 |       |    72 |    39 |       ||   234
       Bite              |    28 |    92 |   118 |   270 |   696 |   544 ||  1748
       Punch             |     2 |     4 |     6 |     7 |     6 |       ||    25
       Short sword       |       |   218 |   325 |   558 |    61 |       ||  1162
       Quick blade       |       |       |       |       |  1312 |  1130 ||  2442
Throw: Dart              |       |     7 |    11 |    37 |     3 |     9 ||    67
       Throwing net      |       |       |       |       |       |     5 ||     5
Invok: Line Pass         |       |       |     2 |     1 |     4 |     5 ||    12
       Grand Finale      |       |       |       |       |     7 |     5 ||    12
Evoke: Wand              |       |       |       |       |       |     1 ||     1
  Use: Scroll            |       |       |     6 |     6 |    13 |     8 ||    33
       Potion            |       |       |       |       |       |     3 ||     3
 Stab: Paralysed         |       |       |     8 |    35 |    92 |    62 ||   197
       Confused          |       |       |     1 |     1 |     6 |     2 ||    10
       Sleeping          |       |       |       |     6 |    24 |    19 ||    49
       Distracted        |       |       |       |       |     3 |     5 ||     8
       Invisible         |       |       |       |       |       |     4 ||     4
       Held in net/web   |       |       |       |       |       |     2 ||     2
Armor: Chain mail        |    74 |     1 |    51 |   250 |   502 |   434 ||  1312
       Robe              |     1 |       |       |       |       |       ||     1
       Plate armour      |       |   121 |    78 |       |       |       ||   199
Dodge: Dodged            |    33 |    30 |    72 |   133 |   213 |   240 ||   721
Block: Buckler           |       |       |       |       |   199 |   240 ||   439
       Kite shield       |       |       |       |       |       |   333 ||   333
       Reflection        |       |       |       |       |       |     3 ||     3

Table legend: (Time is in decaauts)
 A = Elapsed time spent in this place.
 B = Non-inter-level travel time spent in this place.
 C = Inter-level travel time spent in this place.
 D = Time resting spent in this place.
 E = Time spent auto-exploring this place.
 F = Levels seen in this place.
 G = Mean time per level.
                   A        B        C        D        E       F      G
               +--------+--------+--------+--------+--------+-----+--------+
         Total |  25031 |  22810 |   2221 |   2443 |  14745 |  28 |  894.0 |
       Dungeon |  13058 |  11731 |   1327 |    589 |   8743 |  14 |  932.7 |
        Temple |    264 |    234 |     30 |      0 |    225 |   1 |  264.0 |
          Lair |   6885 |   6353 |    532 |   1677 |   3556 |   5 | 1377.0 |
   Spider Nest |   2307 |   2228 |     79 |     63 |   1120 |   4 |  576.8 |
  Orcish Mines |   1576 |   1325 |    251 |     34 |    667 |   2 |  788.0 |
       Ossuary |    327 |    327 |      0 |      0 |    161 |   1 |  327.0 |
        Bailey |    610 |    610 |      0 |     80 |    272 |   1 |  610.0 |
               +--------+--------+--------+--------+--------+-----+--------+

Top non-repeatable levels by time:
  Lair:3: 2572 daAuts
     D:5: 1722 daAuts
  Lair:5: 1231 daAuts
    D:11: 1168 daAuts
  Lair:4: 1158 daAuts
  Lair:1: 1133 daAuts
     D:1: 1059 daAuts
     D:3: 979 daAuts
     D:4: 969 daAuts
    D:13: 967 daAuts
    D:14: 923 daAuts
    D:12: 896 daAuts
Spider:3: 862 daAuts
   Orc:2: 860 daAuts
     D:9: 850 daAuts
